Workbook

Sheet 1- résumé des 3 années 
A2: Appel à projets 2026 Labellisation de réseaux d’excellence clinique pour lutter contre les cancers de mauvais pronostic LABREXCLI Annexe financière Renseignements administratifs | F2: le document annexe financière budget prévsionnel est à soumettre dans la rubrique "budget prévsionnel du projet"
A3: Numéro du projet : Veuillez indiquer le n° de dossier attribué par le portail PROJETS
A4: Titre du projet
A5: Nom et Prénom du coordonnateur n°1
A6: Nom et Prénom du coordonnateur n°2
A7: Organisme bénéficiaire de la subvention INCa
A8: Nom et Prénom du représentant légal
C10: Le tableau de synthèse, ci-dessous, est renseigné automatiquement à partir des données des détails par année des autres feuilles-onglets
B13: Personnel | F13: Fonctionnement | H13: Equipement | J13: Frais de gestion | L13: Total
B14: coût personnel statutaire | C14: coût personnel non statutaire | D14: coût total personnel | E14: subvention demandée | F14: coût total | G14: subvention demandée | H14: coût total | I14: subvention demandée | J14: coût total | K14: subvention demandée | L14: coût total | M14: subvention demandée
A15: ='A-1ère année de label'!A9 -> Budget pour l'année 1 de labellisation | B15: ='A-1ère année de label'!B17 -> 0 | C15: ='A-1ère année de label'!B22 -> 0 | D15: =SUM(B15+C15) -> 0 | E15: ='A-1ère année de label'!C22 -> 0 | F15: ='A-1ère année de label'!B27 -> 0 | G15: ='A-1ère année de label'!C27 -> 0 | H15: ='A-1ère année de label'!B32 -> 0 | I15: ='A-1ère année de label'!C32 -> 0 | J15: ='A-1ère année de label'!B35 -> 0 | K15: ='A-1ère année de label'!C35 -> 0 | L15: =B15+C15+F15+H15+J15 -> 0 | M15: =E15+G15+I15+K15 -> 0
A16: ='B-2ème année de label'!A9 -> Budget pour l'année 2 de labellisation | B16: ='B-2ème année de label'!B17 -> 0 | C16: ='B-2ème année de label'!B22 -> 0 | D16: =SUM(B16+C16) -> 0 | E16: ='B-2ème année de label'!C22 -> 0 | F16: ='B-2ème année de label'!B27 -> 0 | G16: ='B-2ème année de label'!C27 -> 0 | H16: ='B-2ème année de label'!B32 -> 0 | I16: ='B-2ème année de label'!C32 -> 0 | J16: ='B-2ème année de label'!B35 -> 0 | K16: ='B-2ème année de label'!C35 -> 0 | L16: =B16+C16+F16+H16+J16 -> 0 | M16: =E16+G16+I16+K16 -> 0
A17: ='C-3ème année de label'!A9 -> Budget pour l'année 3 de labellisation | B17: ='C-3ème année de label'!B17 -> 0 | C17: ='C-3ème année de label'!B22 -> 0 | D17: =SUM(B17+C17) -> 0 | E17: ='C-3ème année de label'!C22 -> 0 | F17: ='C-3ème année de label'!B27 -> 0 | G17: ='C-3ème année de label'!C27 -> 0 | H17: ='C-3ème année de label'!B32 -> 0 | I17: ='C-3ème année de label'!C32 -> 0 | J17: ='C-3ème année de label'!B35 -> 0 | K17: ='C-3ème année de label'!C35 -> 0 | L17: =B17+C17+F17+H17+J17 -> 0 | M17: =E17+G17+I17+K17 -> 0
A18: Total | B18: =SUM(B15:B17) -> 0 | C18: =SUM(C15:C17) -> 0 | D18: =SUM(D15:D17) -> 0 | E18: =SUM(E15:E17) -> 0 | F18: =SUM(F15:F17) -> 0 | G18: =SUM(G15:G17) -> 0 | H18: =SUM(H15:H17) -> 0 | I18: =SUM(I15:I17) -> 0 | ... K18: =SUM(K15:K17) -> 0 | L18: =B18+C18+F18+H18+J18 -> 0 | M18: =SUM(M15:M17) -> 0
A19: Le tableau de synthèse est renseigné automatiquement à partir des données des onglets A -B et C

Sheet 2- coût total projet 
A2: ='1- résumé des 3 années '!A2:E2 -> Appel à projets 2026 Labellisation de réseaux d’excellence clinique pour lutter contre les cancers de mauvais pronostic LABREXCLI Annexe financière Renseignements administratifs
A3: Numéro du projet : Veuillez indiquer le n° de dossier attribué par le portail PROJETS | B3: ='1- résumé des 3 années '!B3:E3 -> 0
A4: Titre du projet | B4: ='1- résumé des 3 années '!B4 -> 0
A5: Nom et Prénom du coordonnateur n°1 | B5: ='1- résumé des 3 années '!B5:F5 -> 0
A6: Nom et Prénom du coordonnateur n°2 | B6: ='1- résumé des 3 années '!B6:F6 -> 0
A7: Organisme bénéficiaire de la subvention INCa | B7: ='1- résumé des 3 années '!B7:F7 -> 0
A8: Nom et Prénom du représentant légal | B8: ='1- résumé des 3 années '!B8:F8 -> 0
A9: Budget récapitulatif du projet
B10: DEPENSES DU PROJET (en €)
B11: Dépenses directes liées à l'exécution du projet | C11: Dépenses demandées et éligibles INCa
A12: Dépenses de personnel relatives aux fonctionnaires d'état, hospitaliers,territoriaux ou internationaux | B12: ='1- résumé des 3 années '!B18 -> 0 | C12: non éligible
A14: Dépenses de personnel non statutaire | B14: ='1- résumé des 3 années '!C18 -> 0 | C14: ='1- résumé des 3 années '!E18 -> 0
A16: Dépenses de fonctionnement (1) | B16: ='1- résumé des 3 années '!F18 -> 0 | C16: ='1- résumé des 3 années '!G18 -> 0
A18: Dépenses d'équipement (2) | B18: ='1- résumé des 3 années '!H18 -> 0 | C18: ='1- résumé des 3 années '!I18 -> 0
A20: Frais de gestion (3) | B20: ='1- résumé des 3 années '!J18 -> 0 | C20: ='1- résumé des 3 années '!K18 -> 0
A22: TOTAL | B22: =B12+B14+B16+B18+B20 -> 0 | C22: =C14+C16+C18+C20 -> 0
A23: Attention ce tableau est complété automatiquement à partir de l'onglet 1 résumé des 3 années Le cas échéant : Veuillez compléter les lignes Ci-dessous
B24: RECETTES LIEES AU PROJET (en €)
A25: Subvention demandée à l'INCa | B25: =C22 -> 0
A26: Autre(s) subvention(s) financant le projet (financeurs à préciser)
A27: Autres ressources (à préciser) dont fonds propres du bénéficiaire (4)
A28: TOTAL | B28: =B25+B26+B27 -> 0
A29: Le budget doit être présenté en équilibre : le montant pévisionnel des dépenses doit être égal au montant prévisionnel des recettes
A30: (1) achats de fournitures, prestations de services, locations, prestations intellectuelles, études, subventions versées, … (liste non exhaustive) (2) logiciels, équipements informatiques, mobiliers, gros matériels, … (liste non exhaustive) (3) montant éligible s'élevant à un maximum de 8% de l’ensemble du coût total des dépenses éligibles INCa effectivement payées (personnel, fonctionnement, équipement) (4) toute autre ressource (dons, cessions, apport des équipes bénéficaires inclus… ) servant à financer le projet

Sheet A-1ère année de label
A2: ='1- résumé des 3 années '!A2:E2 -> Appel à projets 2026 Labellisation de réseaux d’excellence clinique pour lutter contre les cancers de mauvais pronostic LABREXCLI Annexe financière Renseignements administratifs
A3: Numéro du projet : Veuillez indiquer le n° de dossier attribué par le portail PROJETS | B3: ='1- résumé des 3 années '!B3:E3 -> 0
A4: Titre du projet | B4: ='1- résumé des 3 années '!B4 -> 0
A5: Nom et Prénom du coordonnateur n°1 | B5: ='1- résumé des 3 années '!B5:F5 -> 0
A6: Nom et Prénom du coordonnateur n°2 | B6: ='1- résumé des 3 années '!B6:F6 -> 0
A7: Organisme bénéficiaire de la subvention INCa | B7: ='1- résumé des 3 années '!B7:F7 -> 0
A8: Nom et Prénom du représentant légal | B8: ='1- résumé des 3 années '!B8:F8 -> 0
A9: Budget pour l'année 1 de labellisation
A10: Budget à détailler pour l'année 1 (ajout de ligne possible)
B11: DEPENSES DU PROJET (en €)
B12: Dépenses directes liées à l'exécution du projet | C12: Dépenses demandées et éligibles INCa
A13: Dépenses de personnel relatives aux fonctionnaires d'état, hospitaliers, territoriaux ou internationaux | C13: Non éligible
A14: à détailler
A15: à détailler
A16: à détailler
A17: total dépenses de personnel (fonctionnaires d'état, hospitaliers ou territoriaux ) | B17: =SUM(B14:B16) -> 0
A18: Dépenses de personnel non statutaire
A19: à détailler
A20: à détailler
A21: à détailler
A22: total dépenses de personnel non statutaire | B22: =SUM(B19:B21) -> 0 | C22: =SUM(C19:C21) -> 0
A23: Dépenses de fonctionnement (1)
A24: à détailler
A25: à détailler
A26: à détailler
A27: total dépenses de fonctionnement | B27: =SUM(B24:B26) -> 0 | C27: =SUM(C24:C26) -> 0
A28: Dépenses d'équipement (2)
A29: à détailler
A30: à détailler
A31: à détailler
A32: total dépenses d'équipement | B32: =SUM(B29:B31) -> 0 | C32: =SUM(C29:C31) -> 0
A33: Frais de gestion (3)
A34: Montant des frais
A35: total dépenses des frais de gestion | B35: =SUM(B34:B34) -> 0 | C35: =SUM(C34:C34) -> 0
A36: TOTAL | B36: =SUM(B17+B22+B27+B32+B35) -> 0 | C36: =SUM(C22+C27+C32+C35) -> 0
A37: Ajouter autant de lignes de budget que de détails
A38: ='2- coût total projet '!$A$30 -> (1) achats de fournitures, prestations de services, locations, prestations intellectuelles, études, subventions versées, … (liste non exhaustive) (2) logiciels, équipements informatiques, mobiliers, gros matériels, … (liste non exhaustive) (3) montant éligible s'élevant à un maximum de 8% de l’ensemble du coût total des dépenses éligibles INCa effectivement payées (personnel, fonctionnement, équipement) (4) toute autre ressource (dons, cessions, apport des équipes bénéficaires inclus… ) servant à financer le projet

Sheet B-2ème année de label
A2: ='1- résumé des 3 années '!A2:E2 -> Appel à projets 2026 Labellisation de réseaux d’excellence clinique pour lutter contre les cancers de mauvais pronostic LABREXCLI Annexe financière Renseignements administratifs
A3: Numéro du projet : Veuillez indiquer le n° de dossier attribué par le portail PROJETS | B3: ='1- résumé des 3 années '!B3:E3 -> 0
A4: Titre du projet | B4: ='1- résumé des 3 années '!B4 -> 0
A5: Nom et Prénom du coordonnateur n°1 | B5: ='1- résumé des 3 années '!B5:F5 -> 0
A6: Nom et Prénom du coordonnateur n°2 | B6: ='1- résumé des 3 années '!B6:F6 -> 0
A7: Organisme bénéficiaire de la subvention INCa | B7: ='1- résumé des 3 années '!B7:F7 -> 0
A8: Nom et Prénom du représentant légal | B8: ='1- résumé des 3 années '!B8:F8 -> 0
A9: Budget pour l'année 2 de labellisation
A10: Budget à détailler pour l'année 2 (ajout de ligne possible)
B11: DEPENSES DU PROJET (en €)
B12: Dépenses directes liées à l'exécution du projet | C12: Dépenses demandées et éligibles INCa
A13: Dépenses de personnel relatives aux fonctionnaires d'état, hospitaliers, territoriaux ou internationaux | C13: Non éligible
A14: à détailler
A15: à détailler
A16: à détailler
A17: total dépenses de personnel (fonctionnaires d'état, hospitaliers ou territoriaux ) | B17: =SUM(B14:B16) -> 0
A18: Dépenses de personnel non statutaire
A19: à détailler
A20: à détailler
A21: à détailler
A22: total dépenses de personnel non statutaire | B22: =SUM(B19:B21) -> 0 | C22: =SUM(C19:C21) -> 0
A23: Dépenses de fonctionnement (1)
A24: à détailler
A25: à détailler
A26: à détailler
A27: total dépenses de fonctionnement | B27: =SUM(B24:B26) -> 0 | C27: =SUM(C24:C26) -> 0
A28: Dépenses d'équipement (2)
A29: à détailler
A30: à détailler
A31: à détailler
A32: total dépenses d'équipement | B32: =SUM(B29:B31) -> 0 | C32: =SUM(C29:C31) -> 0
A33: Frais de gestion (3)
A34: Montant des frais
A35: total dépenses des frais de gestion | B35: =SUM(B34:B34) -> 0 | C35: =SUM(C34:C34) -> 0
A36: TOTAL | B36: =SUM(B17+B22+B27+B32+B35) -> 0 | C36: =SUM(C22+C27+C32+C35) -> 0
A37: Ajouter autant de lignes de budget que de détails
A38: ='2- coût total projet '!$A$30 -> (1) achats de fournitures, prestations de services, locations, prestations intellectuelles, études, subventions versées, … (liste non exhaustive) (2) logiciels, équipements informatiques, mobiliers, gros matériels, … (liste non exhaustive) (3) montant éligible s'élevant à un maximum de 8% de l’ensemble du coût total des dépenses éligibles INCa effectivement payées (personnel, fonctionnement, équipement) (4) toute autre ressource (dons, cessions, apport des équipes bénéficaires inclus… ) servant à financer le projet

Sheet C-3ème année de label
A2: ='1- résumé des 3 années '!A2:E2 -> Appel à projets 2026 Labellisation de réseaux d’excellence clinique pour lutter contre les cancers de mauvais pronostic LABREXCLI Annexe financière Renseignements administratifs
A3: Numéro du projet : Veuillez indiquer le n° de dossier attribué par le portail PROJETS | B3: ='1- résumé des 3 années '!B3:E3 -> 0
A4: Titre du projet | B4: ='1- résumé des 3 années '!B4 -> 0
A5: Nom et Prénom du coordonnateur n°1 | B5: ='1- résumé des 3 années '!B5:F5 -> 0
A6: Nom et Prénom du coordonnateur n°2 | B6: ='1- résumé des 3 années '!B6:F6 -> 0
A7: Organisme bénéficiaire de la subvention INCa | B7: ='1- résumé des 3 années '!B7:F7 -> 0
A8: Nom et Prénom du représentant légal | B8: ='1- résumé des 3 années '!B8:F8 -> 0
A9: Budget pour l'année 3 de labellisation
A10: Budget à détailler pour l'année 3 (ajout de ligne possible)
B11: DEPENSES DU PROJET (en €)
B12: Dépenses directes liées à l'exécution du projet | C12: Dépenses demandées et éligibles INCa
A13: Dépenses de personnel relatives aux fonctionnaires d'état, hospitaliers, territoriaux ou internationaux | C13: Non éligible
A14: à détailler
A15: à détailler
A16: à détailler
A17: total dépenses de personnel (fonctionnaires d'état, hospitaliers ou territoriaux ) | B17: =SUM(B14:B16) -> 0
A18: Dépenses de personnel non statutaire
A19: à détailler
A20: à détailler
A21: à détailler
A22: total dépenses de personnel non statutaire | B22: =SUM(B19:B21) -> 0 | C22: =SUM(C19:C21) -> 0
A23: Dépenses de fonctionnement (1)
A24: à détailler
A25: à détailler
A26: à détailler
A27: total dépenses de fonctionnement | B27: =SUM(B24:B26) -> 0 | C27: =SUM(C24:C26) -> 0
A28: Dépenses d'équipement (2)
A29: à détailler
A30: à détailler
A31: à détailler
A32: total dépenses d'équipement | B32: =SUM(B29:B31) -> 0 | C32: =SUM(C29:C31) -> 0
A33: Frais de gestion (3)
A34: Montant des frais
A35: total dépenses des frais de gestion | B35: =SUM(B34:B34) -> 0 | C35: =SUM(C34:C34) -> 0
A36: TOTAL | B36: =SUM(B17+B22+B27+B32+B35) -> 0 | C36: =SUM(C22+C27+C32+C35) -> 0
A37: Ajouter autant de lignes de budget que de détails
A38: ='2- coût total projet '!$A$30 -> (1) achats de fournitures, prestations de services, locations, prestations intellectuelles, études, subventions versées, … (liste non exhaustive) (2) logiciels, équipements informatiques, mobiliers, gros matériels, … (liste non exhaustive) (3) montant éligible s'élevant à un maximum de 8% de l’ensemble du coût total des dépenses éligibles INCa effectivement payées (personnel, fonctionnement, équipement) (4) toute autre ressource (dons, cessions, apport des équipes bénéficaires inclus… ) servant à financer le projet
